 Dungeon Crawl Stone Soup version 0.29-a0-9-g022ca4c890 (webtiles) character file.

Game seed: 16773062478958520561

375 Grim the Cudgeller (level 7, -8/52 HPs)
             Began as a Formicid Fighter on Jan 28, 2022.
             Mangled by Blork the orc (11 damage)
             ... on level 5 of the Dungeon.
             The game lasted 00:05:26 (3475 turns).

Grim the Cudgeller (Formicid Fighter)               Turns: 3475, Time: 00:05:27

Health: -8/52      AC:  9    Str: 21    XL:     7   Next: 3%
Magic:  7/7        EV:  6    Int:  9    God:
Gold:   163        SH:  8    Dex: 10    Spells: 6/6 levels left

rFire   . . .      SeeInvis +   a - +0 flail
rCold   . . .      Faith    +   q - +0 kite shield
rNeg    . . .      Spirit   .   k - +0 chain mail
rPois   .          Reflect  .   (helmet unavailable)
rElec   .          Harm     .   (no cloak)
rCorr   .          Rampage  .   (no gloves)
Will    .....                   (no boots)
Stlth   ..........              y - amulet of faith
HPRegen 0.17/turn               (no ring)
MPRegen 0.10/turn               (no ring)

@: mighty
A: permanent stasis, dig shafts and tunnels, antennae 3, four strong arms
a: Dig, Shaft Self


You were on level 5 of the Dungeon.
You visited 1 branch of the dungeon, and saw 5 of its levels.

You collected 163 gold pieces.

Inventory:

Hand Weapons
 a - a +0 flail (weapon)
Missiles
 g - 109 stones
 r - 2 poisoned darts (quivered)
 x - 6 boomerangs
 z - 3 curare-tipped darts
Armour
 b - a +0 scale mail
 c - a +0 buckler
 k - a +0 chain mail (worn)
 q - a +0 kite shield (worn)
 w - a +0 pair of gloves
Jewellery
 y - an amulet of faith (around neck)
Wands
 m - a wand of flame (23)
 B - a wand of digging (7)
Scrolls
 e - 3 scrolls of identify {unknown}
 f - a scroll of torment {unknown}
 h - 2 scrolls of fear {unknown}
 i - 2 scrolls of fog {unknown}
 j - a scroll of teleportation {unknown}
 u - a scroll of blinking {unknown}
Potions
 l - a potion of curing {unknown}
 n - a potion of flight {unknown}
 o - a potion of haste {unknown}
 p - a potion of degeneration {unknown}
 s - 2 potions of heal wounds {unknown}
 t - a potion of lignification {unknown}
 v - a potion of magic {unknown}
 A - a potion of invisibility {unknown}


   Skills:
 - Level 3.2 Fighting
 * Level 7.0 Maces & Flails
 - Level 3.2 Armour
 - Level 3.6 Shields


You had 6 spell levels left.
You didn't know any spells.
Your spell library contained the following spells:

 Spells                   Type           Power      Damage    Failure   Level
 Portal Projectile        Hex/Tloc       0%         N/A       100%        3
 Blade Hands              Tmut           0%         N/A       100%        5
 Excruciating Wounds      Necr           0%         N/A       100%        5


Dungeon Overview and Level Annotations

Branches:
Dungeon (5/15)
 Temple: D:4-7

Altars:

Shops:
D:4 *

Annotations:
D:5 Blork the orc


Innate Abilities, Weirdness & Mutations

You cannot be hasted, slowed, berserked, paralysed or teleported.
You can dig through walls and to a lower floor.
You have a pair of large antennae on your head. (SInv)
Your four strong arms can wield two-handed weapons with a shield.


Message History

The orc wizard flickers and vanishes for a moment.
You hit the orc.
You kill the orc!
A jelly comes into view.
You hit Blork the orc.
Blork the orc is lightly wounded.
You block Blork the orc's attack.
You barely miss Blork the orc.
Blork the orc is lightly wounded.
Blork the orc gestures at you while chanting.
The puff of frost hits you but does no damage.
You hit Blork the orc but do no damage.
Blork the orc is lightly wounded.
Blork the orc drinks a potion.
Blork the orc seems to grow stronger.
You thump Blork the orc!
Blork the orc is heavily wounded.
Blork the orc gestures at you while chanting.
The magic dart hits you!
* * * LOW HITPOINT WARNING * * *
The orc wizard mumbles some strange words.
The orc wizard flickers and vanishes for a moment.
You feel very mighty all of a sudden. You block Blork the orc's attack.
You barely miss Blork the orc.
Blork the orc is heavily wounded.
Blork the orc hits you with a +0 scimitar!
* * * LOW HITPOINT WARNING * * *
An adder comes into view.
Blork the orc gestures at you while chanting.
The puff of frost hits you.
* * * LOW HITPOINT WARNING * * *
You barely miss Blork the orc.
Blork the orc is heavily wounded.
The adder hisses angrily.
Blork the orc casts a spell.
Blork the orc seems to speed up.
You barely miss Blork the orc.
Blork the orc is heavily wounded.
Blork the orc hits you with a +0 scimitar!
You die...

#####
#..<#
#.### #.#
#@# #o#
#o# {#o#
..o....J#
.o.....S#
.......(#
#......(#
.........


You could see Blork the orc (fast, strong), a jelly, 2 orc wizards and an adder.

Vanquished Creatures
  An ogre (D:5)
  A hound (D:4)
  A centaur skeleton (D:4)
  Terence (D:3)
  A hound skeleton (D:4)
  5 gnolls
  5 adders
  2 worms (D:2)
  A dart slug (D:1)
  3 orcs
  A bat skeleton (D:2)
  3 endoplasms
  8 giant cockroaches
  6 goblins
  6 hobgoblins
  9 jackals
  4 kobolds
  4 quokkas
  5 ball pythons
  6 bats
  6 frilled lizards
  8 rats
87 creatures vanquished.

Notes
Turn   | Place    | Note
-------+----------+-------------------------------------------
     0 | D:1      | Grim the Formicid Fighter began the quest for the Orb.
     0 | D:1      | Reached XP level 1. HP: 18/18 MP: 1/1
   249 | D:1      | Reached XP level 2. HP: 24/24 MP: 2/2
   447 | D:1      | Reached skill level 3 in Maces & Flails
   763 | D:1      | Reached XP level 3. HP: 29/29 MP: 3/3
   827 | D:1      | Found a faded altar of an unknown god.
  1017 | D:2      | Identified the +4 dagger of Foul Odours {freeze, +Blink
                  | rPois Will- rCorr}
  1280 | D:2      | Reached skill level 4 in Maces & Flails
  1280 | D:2      | Reached XP level 4. HP: 8/35 MP: 4/4
  2259 | D:3      | Reached XP level 5. HP: 41/41 MP: 5/5
  2349 | D:3      | Noticed Terence
  2369 | D:3      | Killed Terence
  2370 | D:3      | Reached skill level 5 in Maces & Flails
  2823 | D:4      | Reached XP level 6. HP: 42/47 MP: 6/6
  3011 | D:4      | Reached skill level 6 in Maces & Flails
  3232 | D:4      | Found Winlyen's Gadget Gallery.
  3440 | D:5      | Entered Level 5 of the Dungeon
  3450 | D:5      | Noticed an ogre
  3454 | D:5      | Noticed Blork the orc
  3463 | D:5      | Killed an ogre
  3464 | D:5      | Reached skill level 7 in Maces & Flails
  3464 | D:5      | Reached XP level 7. HP: 32/52 MP: 7/7
  3475 | D:5      | Mangled by Blork the orc

Illustrated notes

Levels and vault maps discovered:
D:1:      dpeg_arrival_prison, layout_loops_ring,
          chequers_ecumenical_altar_lobes
D:2:      layout_loops_ring, minmay_divided_ellipse
D:3:      layout_rooms, minmay_misc_feat_chi, grunt_ministairs_15, uniq_terence
D:4:      layout_rooms, skrybe_limestone_x, nicolae_shop_gadgets
D:5:      layout_basic, mainiacjoe_overflow_small_starburst, lemuel_tele_altar,
          temple_statues, lemuel_old_faithful, uniq_blork_the_orc, uniq_duvessa

Skill      XL: |  1  2  3  4  5  6 |
---------------+-------------------+-----
Maces & Flails | 3 4 5 7 |  7.0
Fighting       | |  3.2
Armour         | |  3.2
Shields        | |  3.6

Action                   |  1- 3 |  4- 6 |  7- 9 || total
-------------------------+-------+-------+-------++-------
Melee: Flail             |    96 |   175 |    11 ||   282
Throw: Stone             |       |    11 |       ||    11
       Dart              |       |    19 |       ||    19
  Use: Potion            |       |       |     1 ||     1
Armor: Scale mail        |    34 |       |       ||    34
       Chain mail        |    24 |    78 |     2 ||   104
Dodge: Dodged            |    45 |    44 |       ||    89
Block: Buckler           |    22 |     4 |       ||    26
       Kite shield       |       |    63 |     3 ||    66

Table legend: (Time is in decaauts)
 A = Elapsed time spent in this place.
 B = Non-inter-level travel time spent in this place.
 C = Inter-level travel time spent in this place.
 D = Time resting spent in this place.
 E = Time spent auto-exploring this place.
 F = Levels seen in this place.
 G = Mean time per level.
                   A        B        C        D        E       F      G
               +--------+--------+--------+--------+--------+-----+--------+
         Total |   3551 |   3428 |    123 |    322 |   2339 |   5 |  710.2 |
       Dungeon |   3551 |   3428 |    123 |    322 |   2339 |   5 |  710.2 |
               +--------+--------+--------+--------+--------+-----+--------+

Top non-repeatable levels by time:
     D:2: 1183 daAuts
     D:1: 997 daAuts
     D:4: 828 daAuts
     D:3: 503 daAuts
     D:5: 38 daAuts
